 Dungeon Crawl Stone Soup version 0.20.1-1-g8b1a95d (webtiles) character file.

1962 Mitsuki the Skirmisher (level 9, 0/81 HPs)
             Began as a Hill Orc Fighter on Oct 8, 2017.
             Was an Initiate of Okawaru.
             Slain by an ogre
             ... wielding a +0 giant spiked club
              (13 damage)
             ... on level 7 of the Dungeon.
             The game lasted 00:14:45 (8148 turns).

Mitsuki the Skirmisher (Hill Orc Fighter)           Turns: 8148, Time: 00:14:45

Health: 0/81       AC: 10    Str: 22    XL:     9   Next: 19%
Magic:  8/8        EV: 12    Int:  8    God:    Okawaru [......]
Gold:   314        SH: 10    Dex:  8    Spells: 8/8 levels left

rFire    + . .     SeeInvis .   a - +0 trident
rCold    + . .     Gourm    .   c - +0 shield
rNeg     . . .     Faith    .   G - +0 scale mail {rF+}
rPois    .         Spirit   .   F - +0 helmet
rElec    .         Reflect  .   J - +0 cloak
rCorr    .         Harm     .   (no gloves)
MR       +....                  (no boots)
Stlth    ..........             (no amulet)
Regen    0.3/turn               s - +4 ring of evasion
MPRegen  0.2/turn               (no ring)

@: no status effects
A: clumsy 1, cold resistance 1, low mp 1, magic resistance 1, subdued magic 1
a: Renounce Religion


You were on level 7 of the Dungeon.
You worshipped Okawaru.
Okawaru was noncommittal.
You were not hungry.

You visited 2 branches of the dungeon, and saw 8 of its levels.

You collected 314 gold pieces.

Inventory:

Hand Weapons
 a - a +0 trident (weapon)
Armour
 c - a +0 shield (worn)
 k - a +2 scale mail of cold resistance
 F - a +0 helmet (worn)
 G - a +0 scale mail of fire resistance (worn)
 J - a +0 cloak (worn)
Jewellery
 d - an uncursed amulet of harm
 s - a +4 ring of evasion (left hand)
 K - the ring of Ilothak {*Tele rC- Str+2 Int+2, unknown}
   (You found it on level 6 of the Dungeon)

   [ring of teleportation]

   It may teleport you next to monsters.
   It affects your strength (+2).
   It affects your intelligence (+2).
   It makes you vulnerable to cold.
 L - an uncursed ring of wizardry
 M - a cursed +3 ring of dexterity {unknown}
Wands
 u - a wand of polymorph (13/24)
 C - a wand of lightning (11/15)
 O - a wand of confusion (34/48)
Scrolls
 b - 5 scrolls of identify {unknown}
 g - 3 scrolls of random uselessness {unknown}
 j - 10 scrolls of remove curse {unknown}
 l - a scroll of recharging {unknown}
 n - 4 scrolls of blinking {unknown}
 o - 2 scrolls of magic mapping {unknown}
 p - a scroll of fear {unknown}
 w - 3 scrolls of enchant weapon {unknown}
 y - a scroll of amnesia {unknown}
 H - a scroll of immolation {unknown}
 N - a scroll of vulnerability {unknown}
Potions
 e - a potion of berserk rage {unknown}
 h - 2 potions of heal wounds {unknown}
 m - 2 potions of cancellation {unknown}
 q - a potion of degeneration {unknown}
 v - a potion of flight {unknown}
 x - a potion of mutation {unknown}
 z - 6 potions of curing
 A - 2 potions of lignification {unknown}
 B - 2 potions of resistance {unknown}
 E - 2 potions of ambrosia {unknown}
 I - 2 potions of haste {unknown}
Books
 D - a book of Misfortune

   Spells                             Type                      Level
   a - Confusing Touch                Hexes                        1
   b - Confuse                        Hexes                        3
   c - Gell's Gravitas                Translocation                3
   d - Petrify                        Transmutation/Earth          4
   e - Metabolic Englaciation         Hexes/Ice                    5
   f - Yara's Violent Unravelling     Hexes/Transmutation          5
Comestibles
 f - 6 bread rations
 i - 2 royal jellies
 r - 3 meat rations
 t - 8 fruits


   Skills:
 + Level 7.8 Fighting
 + Level 6.6 Polearms
 + Level 7.6 Armour
 + Level 7.0 Shields
 + Level 0.2 Evocations


You had 8 spell levels left.
You didn't know any spells.

Dungeon Overview and Level Annotations

Branches:
Dungeon (7/15)             Temple (1/1) D:7

Altars:
Ashenzari
Cheibriados
Dithmenos
Elyvilon
Fedhas
Gozag
Hepliaklqana
Kikubaaqudgha
Makhleb
Nemelex Xobeh
Okawaru
Qazlal
Ru
Sif Muna
Trog
Uskayaw
Vehumet
Xom
Yredelemnul
Zin
The Shining One

Shops:
D:5 :

Annotations:
D:7 Mitsuki's ghost, journeyman HOFi


Innate Abilities, Weirdness & Mutations

You are clumsy. (Dex -2)
Your flesh is cold resistant. (rC+)
Your magical capacity is low. (-10% MP)
You are resistant to hostile enchantments. (MR+)
Your spells are a little easier to cast, but a little less powerful.


Message History

You feel sick.
An ogre comes into view. It is wielding a giant spiked club.
You feel sick.
The ogre shouts!
You feel sick.
Mitsuki's ghost turns its malevolent gaze towards you.
The ogre hits you with a giant spiked club!
* * * LOW HITPOINT WARNING * * *
You feel sick.
You feel better.
The ogre hits you with a giant spiked club.
* * * LOW HITPOINT WARNING * * *
There is a deep blue altar of Sif Muna here.
There is an open door here.
There is a staircase to the Ecumenical Temple here.
There is an open door here.
Mitsuki's ghost wails, "What do you have that I didn't have?"
There is a stone staircase leading up, spattered with blood here.
The ogre hits you with a giant spiked club!
You die...

..(.......................[.#
#....###.......###..........#
....##.....(..####.....>...##
.#.__#########..##.........#
...__####### #..##.#####..##
..#__##⌠.⌠####..#...##...##
..#...'.>.W..W......##...# #####
..#__##⌠.⌠####..#...#...## #....
#..__####### #.O@......## #....
...__#########..#...#..# #....
.###.# #..............## #....
.###.###.............########....
...............(....<###.........
##...........^##.#..###....##....
#............##.#.......####....
#..)...................## #....
#...........#.###.....## #####


You could see an ogre and Mitsuki's ghost.

Vanquished Creatures
  Eustachio (D:3)
  Sigmund (D:2)
  A hungry ghost (D:7)
  2 sky beasts
  An ice beast (D:6)
  2 centaurs (D:5)
  A big kobold (D:7)
  Blork the orc (D:4)
  2 bullfrogs (D:6)
  2 scorpions
  A howler monkey (D:6)
  A centaur zombie (D:5)
  A crimson imp (D:6)
  A bullfrog zombie (D:5)
  A hound (D:5)
  Crazy Yiuf (D:5)
  An orc priest (D:6)
  A centaur skeleton (D:6)
  A gnoll shaman (D:4)
  A jelly (D:5)
  Ijyb (D:3)
  5 orc wizards
  3 worker ants
  A worker ant zombie (D:5)
  7 adders
  5 gnolls (D:4)
  A howler monkey skeleton (D:6)
  2 oozes
  2 worms
  2 dart slugs
  3 leopard geckos
  9 orcs
  4 ball pythons
  9 giant cockroaches
  4 goblins
  2 hobgoblins
  7 jackals
  9 kobolds
  5 quokkas
  8 bats
  5 frilled lizards
  A leopard gecko skeleton (D:5)
  A leopard gecko zombie (D:6)
  6 rats
126 creatures vanquished.

Notes
Turn   | Place    | Note
-------+----------+-------------------------------------------
     0 | D:1      | Mitsuki the Hill Orc Fighter began the quest for the Orb.
     0 | D:1      | Reached XP level 1. HP: 19/19 MP: 1/1
   139 | D:1      | Reached XP level 2. HP: 22/27 MP: 2/2
   608 | D:2      | Reached XP level 3. HP: 25/33 MP: 3/3
   863 | D:2      | Noticed Sigmund
   886 | D:2      | Killed Sigmund
   886 | D:2      | Reached XP level 4. HP: 39/41 MP: 4/4
   886 | D:2      | Reached XP level 5. HP: 45/47 MP: 5/5
  1140 | D:2      | Found a sacrificial altar of Ru.
  1365 | D:2      | Found a blossoming altar of Fedhas.
  1515 | D:3      | Noticed Ijyb
  1528 | D:3      | Killed Ijyb
  1528 | D:3      | Reached skill level 5 in Fighting
  1528 | D:3      | Reached XP level 6. HP: 52/56 MP: 6/6
  1753 | D:3      | Reached skill level 5 in Armour
  2584 | D:4      | Noticed Blork the orc
  2584 | D:4      | Noticed Eustachio
  2854 | D:3      | Killed Eustachio
  2854 | D:3      | Reached XP level 7. HP: 47/61 MP: 7/7
  2946 | D:4      | Killed Blork the orc
  2946 | D:4      | Reached skill level 5 in Shields
  3783 | D:4      | HP: 1/63 [gnoll/halberd (4)]
  3808 | D:4      | HP: 1/63 [gnoll/halberd (5)]
  3817 | D:4      | Reached skill level 5 in Polearms
  4151 | D:5      | Entered Level 5 of the Dungeon
  4337 | D:5      | Reached XP level 8. HP: 66/70 MP: 8/8
  4587 | D:5      | Found a runed door.
  4623 | D:5      | Found Ocacs's Book Boutique.
  4697 | D:5      | Found a hazy altar of Hepliaklqana.
  4703 | D:5      | Found a glowing silver altar of Zin.
  4706 | D:5      | Found a blossoming altar of Fedhas.
  4832 | D:5      | Gained mutation: You are clumsy. (Dex -2) [mutagenic meat]
  5304 | D:5      | Noticed Crazy Yiuf
  5310 | D:5      | Killed Crazy Yiuf
  6035 | D:6      | Got a wavering ivory ring
  6623 | D:7      | Found a white marble altar of Elyvilon.
  6667 | D:7      | Found a shadowy altar of Dithmenos.
  6699 | D:7      | Reached XP level 9. HP: 79/79 MP: 9/9
  6723 | D:7      | Noticed Mitsuki's ghost (journeyman HOFi)
  6734 | D:7      | Found a blossoming altar of Fedhas.
  6736 | D:7      | Found a radiant altar of Vehumet.
  6736 | D:7      | Found a blossoming altar of Fedhas.
  6740 | D:7      | Found a sacrificial altar of Ru.
  6740 | D:7      | Found a deep blue altar of Sif Muna.
  6740 | D:7      | Found a bloodstained altar of Trog.
  6741 | D:7      | Found a sacrificial altar of Ru.
  6741 | D:7      | Found a deep blue altar of Sif Muna.
  6759 | D:6      | Gained mutation: Your magical capacity is low. (-10% MP) [mutagenic meat]
  6760 | D:6      | Gained mutation: Your spells are a little easier to cast, but a little less powerful. [mutagenic meat]
  6761 | D:6      | Gained mutation: You have sharp toenails. [mutagenic meat]
  6762 | D:6      | Gained mutation: You are resistant to hostile enchantments. (MR+) [mutagenic meat]
  6763 | D:6      | Gained mutation: Your flesh is cold resistant. (rC+) [mutagenic meat]
  6764 | D:6      | Lost mutation: You have sharp toenails. [mutagenic meat]
  7393 | D:7      | Found a hide-covered altar of Uskayaw.
  7394 | D:7      | Found a radiant altar of Vehumet.
  7394 | D:7      | Found a stormy altar of Qazlal.
  8011 | D:7      | Found a staircase to the Ecumenical Temple.
  8016 | Temple   | Entered the Ecumenical Temple
  8055 | Temple   | Became a worshipper of Warmaster Okawaru
  8121 | D:7      | HP: 4/81 [ogre/giant spiked club (9)]
  8148 | D:7      | Slain by an ogre

Skill      XL: |  1  2  3  4  5  6  7  8  9 |
---------------+----------------------------+-----
Fighting       | 4 5 6 7 |  7.8
Armour         | 4 5 6 7 |  7.6
Polearms       | 3 4 5 6 |  6.6
Shields        | 4 5 6 7 |  7.0
Evocations     | |  0.2

Action                   |  1- 3 |  4- 6 |  7- 9 || total
-------------------------+-------+-------+-------++-------
Melee: Trident           |    96 |   220 |   432 ||   748
       Unarmed           |       |    16 |       ||    16
  Use: Potion            |       |       |     3 ||     3
  Eat: Chunk             |       |     6 |    17 ||    23
       Fruit             |       |       |     2 ||     2
       Royal jelly       |       |       |     3 ||     3
       Meat ration       |       |       |     1 ||     1
Armor: Scale mail        |    29 |   152 |   121 ||   302
       Skin              |       |     6 |       ||     6
Dodge: Dodged            |    23 |   182 |   171 ||   376
Block: Shield            |    36 |   190 |   220 ||   446
